 Dungeon Crawl Stone Soup version 0.26.1-11-gd32895ea62 (webtiles) character file.

Game seed: 5124942373283296932

596 Arcadio the Distorting Hill Orc (level 7, 0/57 HPs)
             Began as a Hill Orc Abyssal Knight on May 21, 2021.
             Was a Believer of Lugonu.
             Succumbed to an orc warrior's poison
             ... on level 4 of the Dungeon.
             The game lasted 00:13:04 (8481 turns).

Arcadio the Distorting Hill Orc (HOAK)              Turns: 8481, Time: 00:13:05

Health: 0/57       AC:  3    Str: 17      XL:     7   Next: 40%
Magic:  11/11      EV: 11    Int: 12      God:    Lugonu [**....]
Gold:   150        SH:  0    Dex:  8 (10) Spells: 6/6 levels left

rFire    . . .     SeeInvis .   h - +2 whip (venom)
rCold    . . .     Faith    .   (no shield)
rNeg     . . .     Spirit   .   b - +0 leather armour
rPois    .         Reflect  .   (no helmet)
rElec    .         Harm     .   (no cloak)
rCorr    .         Rampage  .   (no gloves)
Will     .....                  (no boots)
Stlth    +.........             (no amulet)
HPRegen  0.19/turn              (no ring)
MPRegen  0.12/turn              (no ring)

@: lethally poisoned (0 -> -1)
A: no striking features
a: Renounce Religion, Depart the Abyss, Bend Space


You were on level 4 of the Dungeon.
You worshipped Lugonu.
Lugonu was pleased with you.
You visited 1 branch of the dungeon, and saw 4 of its levels.
You visited the Abyss 1 time.

You collected 150 gold pieces.

Inventory:

Hand Weapons
 a - a +1 falchion
 h - a +2 whip of venom (weapon)
 r - a +0 long sword of protection
 v - a +2 vampiric dagger
Armour
 b - a +0 leather armour (worn)
 c - a +1 hat
 e - a +0 pair of boots
Jewellery
 l - an uncursed amulet of the acrobat {unknown}
 u - an uncursed ring of magical power {unknown}
Scrolls
 d - a scroll of enchant armour {unknown}
 f - 4 scrolls of remove curse {unknown}
 g - 2 scrolls of enchant weapon {unknown}
 p - a scroll of immolation {unknown}
 t - a scroll of identify
Potions
 i - 2 potions of cancellation {unknown}
 j - 5 potions of flight
 m - 3 potions of brilliance
 o - 2 potions of might {unknown}
 q - a potion of degeneration {unknown}
 s - a potion of ambrosia {unknown}


   Skills:
 - Level 3.6 Fighting
 - Level 3.7 Long Blades
 + Level 3.4 Maces & Flails
 + Level 5.3 Armour
 - Level 0.7 Dodging
 + Level 6.2 Invocations


You had 6 spell levels left.
You didn't know any spells.
Your spell library was empty.

Dungeon Overview and Level Annotations

Branches:
Dungeon (4/15)
 Temple: D:4-7

Altars:
Makhleb
Ru
Trog
Zin


Message History

You feel sick.
You feel sick.
The orc priest calls upon Beogh to heal the orc warrior.
The orc warrior is healed somewhat.
You feel sick.
The orc warrior looks more healthy.
You feel sick.
An iguana comes into view.
You feel sick.
Things that are here:
a +0 chain mail; a +0 mace You feel sick.
Things that are here:
a cursed +0 ring mail; a +0 hand axe The orc priest calls down the wrath of Beogh upon you.
Beogh smites you!
* * * LOW HITPOINT WARNING * * *
Things that are here:
a +0 dagger; a +0 robe You die...

#........#
#.....(..#
####........#
########).....<...(#
.........##........#
#######
###########........#
#.....# #........#
#.....# #.....<..#
#.....# ###
#####.@### #.....#
..# ##### ##)#
#.....# #.### #...#
#o# #.....#
#...###...# #.#
#.....# ###...#...#
#.# ###..##
###.....# #.# #..#
###...# #[# #..#
#...# #.# #..# #...#
#o### #..#


You could see an orc warrior.

Vanquished Creatures
  An ogre (D:4)
  2 scorpions
  7 orc wizards
  Jessica (D:3)
  A worker ant (D:4)
  A hound skeleton (D:4)
  3 adders
  4 worms
  2 dart slugs
  3 leopard geckos
  11 orcs
  2 ball pythons
  5 bats
  5 giant cockroaches
  8 goblins
  9 hobgoblins
  10 jackals
  A quokka (D:1)
  5 frilled lizards
  10 kobolds
  10 rats
101 creatures vanquished.

Vanquished Creatures (others)
  2 starspawn tentacles (Abyss:1)
2 creatures vanquished.

Grand Total: 103 creatures vanquished

Notes
Turn   | Place    | Note
-------+----------+-------------------------------------------
     0 | Abyss:1  | Arcadio the Hill Orc Abyssal Knight began the quest for the
                  | Orb.
     0 | Abyss:1  | Reached XP level 1. HP: 19/19 MP: 2/2
    42 | Abyss:1  | Noticed a tentacled starspawn
    47 | Abyss:1  | Noticed a large abomination
    55 | Abyss:1  | Found a hide-covered altar of Uskayaw.
    60 | Abyss:1  | Noticed a wretched star
    62 | D:1      | Escaped the Abyss
   314 | D:1      | Reached XP level 2. HP: 23/26 MP: 4/4
   450 | D:1      | Reached * piety under Lugonu
   508 | D:1      | Reached skill level 3 in Invocations
   725 | D:1      | Reached XP level 3. HP: 31/31 MP: 5/5
  2870 | D:2      | Found a sacrificial altar of Ru.
  2880 | D:2      | Reached XP level 4. HP: 22/39 MP: 6/6
  3156 | D:2      | Reached skill level 4 in Invocations
  3828 | D:2      | Reached XP level 5. HP: 40/45 MP: 8/8
  4026 | D:3      | Reached ** piety under Lugonu
  4841 | D:3      | Found a burning altar of Makhleb.
  4843 | D:3      | Found a glowing silver altar of Zin.
  4843 | D:3      | Noticed an angel
  4843 | D:3      | Noticed an Executioner
  4915 | D:3      | Found a bloodstained altar of Trog.
  5602 | D:2      | Reached skill level 1 in Maces & Flails
  6003 | D:3      | Noticed Jessica
  6014 | D:3      | Killed Jessica
  6504 | D:3      | Reached skill level 5 in Invocations
  6504 | D:3      | Reached XP level 6. HP: 39/51 MP: 9/9
  7787 | D:4      | Reached skill level 5 in Armour
  7787 | D:4      | Reached XP level 7. HP: 49/57 MP: 11/11
  7876 | D:4      | Reached skill level 6 in Invocations
  8480 | D:4      | HP: 1/57 [orc priest/divine providence (16)]
  8481 | D:4      | Succumbed to an orc warrior's poison

Illustrated notes

Levels and vault maps discovered:
D:1:      sevenhm_arrival_forest_fort_large_2, layout_basic
D:2:      layout_loops_cross, nicolae_ru_great_annihilating_truth
D:3:      layout_basic, grunt_temple_overflow_order_and_chaos_2,
          lemuel_doored_altar, uniq_jessica
D:4:      layout_rooms

Skill      XL: |  1  2  3  4  5  6  7 |
---------------+----------------------+-----
Invocations    | 3 4 5 6 |  6.2
Long Blades    | 3 |  3.7
Armour         | 3 4 5 |  5.3
Maces & Flails | 1 3 |  3.4
Fighting       | |  3.6
Dodging        | |  0.7

Action                   |  1- 3 |  4- 6 |  7- 9 || total
-------------------------+-------+-------+-------++-------
Melee: Falchion          |   143 |   135 |       ||   278
       Whip              |       |    76 |    17 ||    93
Invok: Depart the Abyss  |     1 |       |       ||     1
       Bend Space        |       |     2 |       ||     2
  Use: Scroll            |       |     6 |       ||     6
       Potion            |       |     3 |       ||     3
 Stab: Paralysed         |       |     2 |       ||     2
Armor: Leather armour    |    27 |    46 |     2 ||    75
Dodge: Dodged            |    79 |   128 |     5 ||   212
       Rpst.: Falchion   |    25 |    21 |       ||    46
